 Dungeon Crawl Stone Soup version 0.30-a0-782-ge64f9170bb (webtiles) character file.

Game seed: 9729004589372232291

87 112233 the Magician (level 4, -3/30 HPs)
             Began as a Human Air Elementalist on Mar 1, 2023.
             Slain by Sigmund
             ... wielding a +3 scythe
              (12 damage)
             ... on level 2 of the Dungeon.
             The game lasted 00:03:03 (2157 turns).

112233 the Magician (Human Air Elementalist)        Turns: 2157, Time: 00:03:04

Health: -3/30      AC:  2    Str:  9    XL:     4   Next: 80%
Magic:  10/10      EV: 12    Int: 17    God:
Gold:   54         SH:  5    Dex: 13    Spells: 8/11 levels left

rFire   + . .      SeeInvis .    f - +0 dagger
rCold   + . .      Faith    .    (no shield)
rNeg    . . .      Spirit   .    a - +0 robe
rPois   .          Reflect  +    (no helmet)
rElec   .          Harm     .    (no cloak)
rCorr   .          Rampage  .    (no gloves)
Will    .....                    (no boots)
Stlth   ++                       i - amulet of reflection
HPRegen 0.25/turn                h - ring of protection from fire
MPRegen 0.12/turn                m - ring of protection from cold

@: brilliant, weak-willed, flying
A: no striking features
a: no special abilities


You were on level 2 of the Dungeon.
You visited 1 branch of the dungeon, and saw 2 of its levels.

You collected 54 gold pieces.

Inventory:

Hand Weapons
 f - a +0 dagger (weapon)
Armour
 a - a +0 robe (worn)
 e - a +0 buckler
Jewellery
 h - a ring of protection from fire (left hand)
 i - an amulet of reflection (around neck)
 m - a ring of protection from cold (right hand)
Scrolls
 d - 3 scrolls of noise {unknown}
 l - a scroll of enchant weapon {unknown}
Potions
 b - a potion of brilliance
 g - a potion of magic


   Skills:
 - Level 2.1 Dodging
 - Level 2.1 Stealth
 + Level 4.0 Spellcasting
 - Level 1.1 Conjurations
 - Level 3.0 Air Magic


You had 8 spell levels left.
You knew the following spells:

 Your Spells              Type           Power      Damage    Failure   Level
a - Shock                 Conj/Air       64%        1d7       7%          1
b - Static Discharge      Conj/Air       32%        2-4/arc   10%         2

Your spell library contained the following spells:

 Spells                   Type           Power      Damage    Failure   Level
 Swiftness                Air            20%        N/A       13%         3
 Airstrike                Air            10%        2d(2-18)  41%         4


Dungeon Overview and Level Annotations

Branches:
Dungeon (2/15)

Altars:

Annotations:
D:2 Sigmund


Message History

Sigmund gestures at you while chanting.
You are confused.
Unknown command.
You are too confused!
You're too confused to cast spells.
Unknown command.
It was a potion of brilliance.
You feel clever all of a sudden.
Sigmund hits you from afar with a +3 scythe!
It was a potion of ambrosia.
You are more confused.
You feel invigorated. Sigmund closely misses you.
Okay, then.
Unknown command.
Unknown command.
Sigmund hits you from afar with a +3 scythe.
Sigmund closely misses you.
You bump into the rock wall.
Sigmund hits you with a +3 scythe!
Sigmund screams, "Die, monster!"
Sigmund hits you from afar with a +3 scythe!
You feel less invigorated.
It was a potion of flight.
You feel very buoyant.
You fly up into the air.
Sigmund gestures at you while chanting. The puff of flame misses you.
Unknown command.
You bump into the rock wall.
Sigmund hits you from afar with a +3 scythe!
Sigmund hits you with a +3 scythe.
* * * LOW HITPOINT WARNING * * *
You are too confused!
Unknown command.
You are too confused!
You feel less confused.
Unknown command.
As you read the scroll labelled EXAGHIF KEA, it crumbles to dust.
Magic quickly surges around you.
It was a scroll of vulnerability.
Sigmund hits you from afar with a +3 scythe!
You die...

. ##.....# # .. #.....# #.
.....####..†.#
#..#####...........###
######## #....###..####......#
#......######..###...<#....#..
#.######.....#@.#####.)....###
####.# ##.......#.# ##.....#
.[...####.......@..# #.....#
..[................# #..#.##
.....####.......)..# ##...#
###### #..........## ##..####
#...........# ##..##.
#.........[.########..#..
#.......................#
#.........###............
#.........##............#


You could see Sigmund (weak-willed).

Vanquished Creatures
  An iguana (D:2)
  8 dart slugs
  3 endoplasms (D:1)
  2 giant cockroaches (D:1)
  2 goblins (D:1)
  4 hobgoblins (D:1)
  6 jackals
  2 kobolds
  3 quokkas
  2 ball pythons
  4 bats (D:1)
  A frilled lizard (D:1)
  3 rats (D:1)
41 creatures vanquished.

Vanquished Creatures (others)
  12 plants (D:2)
12 creatures vanquished.

Grand Total: 53 creatures vanquished

Notes
Turn   | Place    | Note
-------+----------+-------------------------------------------
     0 | D:1      | 112233 the Human Air Elementalist began the quest for the
                  | Orb.
     0 | D:1      | Reached XP level 1. HP: 13/13 MP: 3/3
   234 | D:1      | Reached XP level 2. HP: 16/19 MP: 0/5
   292 | D:1      | Learned a level 2 spell: Static Discharge
   685 | D:1      | Reached XP level 3. HP: 8/24 MP: 4/7
   868 | D:1      | Reached skill level 3 in Spellcasting
  1562 | D:1      | Reached XP level 4. HP: 30/30 MP: 5/9
  1607 | D:1      | Found a faded altar of an unknown god.
  1955 | D:2      | Reached skill level 4 in Spellcasting
  2058 | D:2      | Identified the +5 plate armour of the Kettle-Drum {Int+3}
  2138 | D:2      | Noticed Sigmund
  2157 | D:2      | Slain by Sigmund

Illustrated notes

Levels and vault maps discovered:
D:1:      dpeg_arrival_three_same_balls, layout_rooms,
          hellmonk_ecumenical_altar_defaced_shrine, minmay_hexomino_p4
D:2:      layout_rooms, hex_tiny, chequers_big_river, uniq_sigmund

Skill      XL: |  1  2  3  4 |
---------------+-------------+-----
Spellcasting   | 3 4 |  4.0
Dodging        | |  2.1
Stealth        | |  2.1
Conjurations   | |  1.1
Air Magic      | |  3.0

Action                     |  1- 3 |  4- 6 || total
---------------------------+-------+-------++-------
  Melee: Dagger            |     7 |     7 ||    14
   Cast: Shock             |    72 |    32 ||   104
         Static Discharge  |     2 |     2 ||     4
    Use: Potion            |     1 |     3 ||     4
         Scroll            |       |     1 ||     1
 Armour: Robe              |    19 |     2 ||    21
  Dodge: Dodged            |    40 |    11 ||    51
  Block: Other             |     1 |     6 ||     7

Table legend: (Time is in decaauts)
 A = Elapsed time spent in this place.
 B = Non-inter-level travel time spent in this place.
 C = Inter-level travel time spent in this place.
 D = Time resting spent in this place.
 E = Time spent auto-exploring this place.
 F = Levels seen in this place.
 G = Mean time per level.
                   A        B        C        D        E       F      G
               +--------+--------+--------+--------+--------+-----+--------+
         Total |   2157 |   2066 |     91 |    393 |   1355 |   2 | 1078.5 |
       Dungeon |   2157 |   2066 |     91 |    393 |   1355 |   2 | 1078.5 |
               +--------+--------+--------+--------+--------+-----+--------+

Top non-repeatable levels by time:
     D:1: 1490 daAuts
     D:2: 667 daAuts
